 Dungeon Crawl Stone Soup version 0.31-a0-117-g42d8f58691 (webtiles) character file.

Game seed: 6527207226296689395

186 hikkokomori the Firebug (level 5, -1/42 HPs)
             Began as a Hill Orc Fire Elementalist on May 31, 2023.
             Slain by an iguana (13 damage)
             ... on level 3 of the Dungeon.
             The game lasted 00:04:25 (3374 turns).

hikkokomori the Firebug (HOFE)                      Turns: 3374, Time: 00:04:26

Health: -1/42      AC:  3    Str: 11    XL:     5   Next: 66%
Magic:  6/7        EV: 12    Int: 17    God:
Gold:   60         SH:  0    Dex: 11    Spells: 4/7 levels left

rFire   . . .        f - +0 demon whip
rCold   . . .        (no shield)
rNeg    . . .        a - +1 robe
rPois   .            (no helmet)
rElec   .            (no cloak)
rCorr   .            (no gloves)
SInv    .            (no boots)
Will    .....        (no amulet)
Stlth   ++           (no ring)
HPRegen 0.27/turn    (no ring)
MPRegen 0.10/turn

%: no passive effects
@: no status effects
A: no striking features
a: no special abilities


You were on level 3 of the Dungeon.
You visited 1 branch of the dungeon, and saw 3 of its levels.

You collected 60 gold pieces.

Inventory:

Hand Weapons
 d - a +0 dagger of protection
 f - a +0 demon whip (weapon)
Armour
 a - a +1 robe (worn)
 h - a +0 buckler
Scrolls
 c - a scroll of identify {unknown}
 e - a scroll of fog {unknown}
Potions
 b - a potion of magic
 g - a potion of ambrosia
 i - a potion of brilliance {unknown}
 j - a potion of attraction {unknown}
 k - 2 potions of haste {unknown}


   Skills:
 + Level 2.5 Fighting
 + Level 2.1 Maces & Flails
 - Level 1.8 Dodging
 + Level 2.7 Stealth
 - Level 1.8 Spellcasting
 - Level 1.5 Conjurations
 + Level 4.3 Fire Magic


You had 4 spell levels left.
You knew the following spells:

 Your Spells              Type           Power      Damage    Failure   Level
a - Foxfire               Conj/Fire      44%        2x1d6     6%          1
b - Scorch                Fire           32%        2d6       4%          2

Your spell library contained the following spells:

 Spells                   Type           Power      Damage    Failure   Level
 Beastly Appendage        Tmut           2%         N/A       21%         1
 Inner Flame              Hex/Fire       8%         N/A       24%         3
 Volatile Blastmotes      Fire/Tloc      16%        2d11      24%         3
 Sublimation of Blood     Necr           1%         N/A       30%         2
 Wereblood                Tmut           1%         N/A       30%         2
 Spider Form              Tmut/Pois      1%         N/A       52%         3
 Flame Wave               Conj/Fire      11%        2d6       52%         4


Dungeon Overview and Level Annotations

Branches:
Dungeon (3/15)

Altars:


Message History

You are too injured to fight recklessly!
Your foxfire dissipates!
The iguana attacks as you move away! The iguana bites you.
The quokka barely misses you.
Unknown command.
The quokka attacks as you move away! The quokka barely misses you.
You hit the quokka but do no damage.
The quokka is lightly wounded.
The quokka misses you.
You hit the quokka.
The quokka is almost dead.
The quokka closely misses you. The quokka misses you.
You hit the quokka but do no damage.
The quokka is almost dead.
The quokka closely misses you.
You barely miss the quokka.
The quokka is almost dead.
The quokka closely misses you.
You barely miss the quokka.
The quokka is almost dead.
The quokka bites you.
You hit the quokka.
You kill the quokka!
You hit the iguana but do no damage.
The iguana is moderately wounded.
The iguana closely misses you.
You hit the iguana but do no damage.
The iguana is moderately wounded.
The iguana bites you.
You barely miss the iguana.
The iguana is moderately wounded.
The iguana barely misses you.
You hit the iguana but do no damage.
The iguana is moderately wounded.
The iguana bites you!
* * * LOW HITPOINT WARNING * * *
You hit the iguana but do no damage.
The iguana is moderately wounded.
The iguana bites you!
You die...

# # #.# # #.# #### #
#####.###### ....## #
#....... ... .....#
#####.#†#.## #.# #......
.).........# #.# >......
#####.#.#..###.######.....#
#...........@l.......#
###.#.####.####.#.[#.#
#.#..............#
#.######.##......#
#.######...........#
#........##.......>..
############....#####
##.#.# #.#.#


You could see an iguana.

Vanquished Creatures
  Jessica (D:2)
  Terence (D:2)
  Robin (D:2)
  5 adders
  A dart slug (D:1)
  9 ball pythons
  A bat (D:2)
  8 endoplasms
  5 giant cockroaches
  14 goblins
  4 hobgoblins (D:2)
  4 jackals (D:1)
  7 quokkas
  A frilled lizard (D:1)
  2 kobolds
  7 rats
71 creatures vanquished.

Vanquished Creatures (collateral kills)
  2 foxfires (D:1)
2 creatures vanquished.

Vanquished Creatures (others)
  159 foxfires
159 creatures vanquished.

Grand Total: 232 creatures vanquished

Notes
Turn   | Place    | Note
-------+----------+-------------------------------------------
     0 | D:1      | hikkokomori the Hill Orc Fire Elementalist began the quest
                  | for the Orb.
     0 | D:1      | Reached XP level 1. HP: 14/14 MP: 3/3
   349 | D:1      | Reached XP level 2. HP: 12/20 MP: 1/4
   676 | D:1      | HP: 1/20 [jackal (3)]
  1130 | D:1      | Reached XP level 3. HP: 26/26 MP: 1/5
  1529 | D:1      | Learned a level 2 spell: Scorch
  1705 | D:2      | Reached skill level 1 in Fighting
  1765 | D:2      | Found a faded altar of an unknown god.
  1779 | D:2      | Reached XP level 4. HP: 29/35 MP: 1/6
  1963 | D:2      | Noticed Robin
  1965 | D:2      | Killed Robin
  1966 | D:2      | Reached skill level 1 in Maces & Flails
  2225 | D:2      | Reached skill level 4 in Fire Magic
  2238 | D:2      | Noticed Terence
  2242 | D:2      | Killed Terence
  2243 | D:2      | Reached XP level 5. HP: 41/41 MP: 1/7
  2963 | D:2      | Noticed Jessica
  2975 | D:2      | Killed Jessica
  2984 | D:2      | Got Jessica's Elucidation of Zombies
  3374 | D:3      | Slain by an iguana

Illustrated notes

Levels and vault maps discovered:
D:1:      dpeg_arrival_prison, layout_basic
D:2:      layout_basic, nicolae_ecumenical_snake_handling,
          minmay_misc_feat_secret_circle, kennysheep_jessica_study, uniq_robin,
          uniq_terence
D:3:      layout_loops_ring, minmay_misc_feat_columns,
          kennysheep_generic_room_15, uniq_jessica

Skill      XL: |  1  2  3  4  5 |
---------------+----------------+-----
Stealth        | 2 |  2.7
Fighting       | 1 2 |  2.5
Maces & Flails | 1 2 |  2.1
Fire Magic     | 4 |  4.3
Dodging        | |  1.8
Spellcasting   | |  1.8
Conjurations   | |  1.5

Action                     |  1- 3 |  4- 6 || total
---------------------------+-------+-------++-------
  Melee: Unarmed           |    27 |       ||    27
         Dagger            |    34 |       ||    34
         Demon whip        |    12 |    93 ||   105
         Punch             |     1 |       ||     1
   Cast: Foxfire           |    52 |    55 ||   107
         Scorch            |       |     3 ||     3
    Use: Scroll            |     3 |       ||     3
         Potion            |       |     1 ||     1
   Stab: Sleeping          |     1 |     2 ||     3
 Armour: Robe              |    22 |    18 ||    40
  Dodge: Dodged            |    78 |    62 ||   140

Table legend: (Time is in decaauts)
 A = Elapsed time spent in this place.
 B = Non-inter-level travel time spent in this place.
 C = Inter-level travel time spent in this place.
 D = Time resting spent in this place.
 E = Time spent auto-exploring this place.
 F = Levels seen in this place.
 G = Mean time per level.
                   A        B        C        D        E       F      G
               +--------+--------+--------+--------+--------+-----+--------+
         Total |   3376 |   3310 |     66 |    151 |   2571 |   3 | 1125.3 |
       Dungeon |   3376 |   3310 |     66 |    151 |   2571 |   3 | 1125.3 |
               +--------+--------+--------+--------+--------+-----+--------+

Top non-repeatable levels by time:
     D:1: 1605 daAuts
     D:2: 1536 daAuts
     D:3: 234 daAuts
